 Dungeon Crawl Stone Soup version 0.30.1-11-g7821555f0a (webtiles) character file.

Game seed: 5272015895553912572

126 Jeremycd7 the Chopper (level 4, 0/41 HPs)
             Began as a Minotaur Berserker on Nov 15, 2023.
             Was a Follower of Trog.
             Slain by an orc
             ... wielding a +0 hand axe
              (6 damage)
             ... on level 3 of the Dungeon on Nov 16, 2023.
             The game lasted 00:31:23 (4059 turns).

Jeremycd7 the Chopper (Minotaur Berserker)          Turns: 4059, Time: 00:31:23

Health: 0/41       AC:  6    Str: 24    XL:     4   Next: 83%
Magic:  3/3        EV: 11    Int:  4    God:    Trog [*.....]
Gold:   75         SH:  0    Dex: 11    Spells: 3/3 levels left

rFire   . . .        a - +0 hand axe
rCold   . . .        (no shield)
rNeg    . . .        k - +0 scale mail
rPois   .            (helmet restricted)
rElec   .            (no cloak)
rCorr   .            (no gloves)
SInv    .            (no boots)
Will    .....        (no amulet)
Stlth   +            (no ring)
HPRegen 0.26/turn    (no ring)
MPRegen 0.08/turn

%: no passive effects
@: no status effects
A: horns 2, retaliatory headbutt, thin skeletal structure 1
a: Renounce Religion, Berserk


You were on level 3 of the Dungeon.
You worshipped Trog.
Trog was aware of your devotion.
You visited 1 branch of the dungeon, and saw 3 of its levels.

You collected 75 gold pieces.

Inventory:

Hand Weapons
 a - a +0 hand axe (weapon)
Armour
 j - a +0 pair of gloves
 k - a +0 scale mail (worn)
Scrolls
 b - a scroll of summoning
 c - a scroll of fog {unknown}
 d - a scroll of vulnerability
 g - a scroll of acquirement (quivered) {unknown}
 h - a scroll of fear {unknown}
Potions
 e - a potion of berserk rage
 f - a potion of might


   Skills:
 * Level 4.7 Fighting
 + Level 5.1 Axes
 - Level 3.0 Armour
 + Level 3.0 Dodging
 - Level 0.5 Stealth


You had 3 spell levels left.
You didn't know any spells.
Your spell library was empty.

Dungeon Overview and Level Annotations

Branches:
Dungeon (3/15)

Altars:


Innate Abilities, Weirdness & Mutations

You have a pair of horns on your head.
You reflexively headbutt those who attack you in melee.
You have a somewhat thin skeletal structure. (Dex +2, Stealth+)


Message History

Your mind is blasted!
You hit something. Trog accepts your kill.
Trog appreciates your killing of a magic user.
Reactivating autopickup.
You feel a bit more experienced.
Your Axes skill increases to level 5!
You hit the gnoll but do no damage. The gnoll hits you with a +0 club.
* * * LOW HITPOINT WARNING * * *
You barely miss the gnoll. You headbutt the gnoll.
The gnoll is moderately wounded.
The gnoll barely misses you.
You hit the gnoll.
The gnoll is moderately wounded.
The gnoll closely misses you. You furiously retaliate!
You headbutt the gnoll! You hit the gnoll but do no damage.
The gnoll is almost dead.
The gnoll hits you but does no damage.
You hit the gnoll.
You kill the gnoll!
Trog accepts your kill.
Your Dodging skill increases to level 3!
You hit the gnoll. You headbutt the gnoll.
The gnoll is heavily wounded.
The gnoll hits you with a +0 club.
* * * LOW HITPOINT WARNING * * *
You hit the gnoll.
The gnoll is severely wounded.
The gnoll hits you with a +0 club.
* * * LOW HITPOINT WARNING * * *
You hit the gnoll but do no damage.
The gnoll is severely wounded.
The gnoll barely misses you.
You hit the gnoll.
You kill the gnoll!
Trog accepts your kill.
You hit the orc.
The orc is lightly wounded.
The orc hits you with a +0 hand axe.
You die...

..# ... ##.# # ... # .
#.#. ..#.# .
#.#.o##.#.# #
.<#o...g..#
#..#######.# #o#
.........#.# #@#
#######.##.# #.#
....###.##.# ##.######
#.#.....##.#. #.......#
#.#####.##.#.##.#.....#
#.#####....#......##..#
#.......##.###..####..#
##########.†..........#
#.†#.#######.


You could see a gnoll and an orc.

Vanquished Creatures
  An orc wizard (D:3)
  3 adders
  3 gnolls (D:3)
  A worm (D:2)
  3 dart slugs
  An orc (D:3)
  3 bats
  3 endoplasms (D:1)
  A goblin (D:1)
  4 hobgoblins
  3 jackals (D:1)
  A quokka (D:2)
  4 ball pythons
  3 frilled lizards
  3 kobolds
  2 rats
39 creatures vanquished.

Vanquished Creatures (others)
  An orc wizard (D:3)
1 creature vanquished.

Grand Total: 40 creatures vanquished

Notes
Turn   | Place    | Note
-------+----------+-------------------------------------------
     0 | D:1      | Jeremycd7 the Minotaur Berserker began the quest for the
                  | Orb.
     0 | D:1      | Reached XP level 1. HP: 19/19 MP: 0/0
   871 | D:1      | Reached skill level 4 in Axes
   929 | D:1      | Reached XP level 2. HP: 22/27 MP: 1/1
  2436 | D:1      | Found a faded altar of an unknown god.
  2939 | D:1      | Gained mutation: You have a somewhat thin skeletal
                  | structure. (Dex +2, Stealth+) [potion of mutation]
  3196 | D:2      | Reached XP level 3. HP: 28/33 MP: 2/2
  4025 | D:3      | Reached XP level 4. HP: 41/41 MP: 3/3
  4050 | D:3      | Reached skill level 5 in Axes
  4059 | D:3      | Slain by an orc

Illustrated notes

Levels and vault maps discovered:
D:1:      amcnicky_arrival_underground_garden, layout_basic,
          shapermc_ecumenical_altar_ellora, kennysheep_decorative_pillar,
          amcnicky_mini_pool_small
D:2:      layout_loops_corners
D:3:      layout_basic, dk_yredelemnul_ordeal, nicolae_wu_jian_wuxing_cycle,
          nrook_mini_vaults, nicolae_wormholes, uniq_natasha

Skill      XL: |  1  2  3  4 |
---------------+-------------+-----
Axes           | 4 5 |  5.1
Fighting       | 4 |  4.7
Armour         | 3 |  3.0
Dodging        | 3 |  3.0
Stealth        | |  0.5

Action                     |  1- 3 |  4- 6 || total
---------------------------+-------+-------++-------
  Melee: Hand axe          |    90 |    27 ||   117
         Headbutt          |     6 |     3 ||     9
         Punch             |     1 |       ||     1
    Use: Potion            |     6 |     1 ||     7
         Scroll            |     3 |       ||     3
   Stab: Sleeping          |     1 |       ||     1
 Armour: Animal skin       |     6 |       ||     6
         Ring mail         |    13 |       ||    13
         Scale mail        |     2 |     7 ||     9
  Dodge: Dodged            |    63 |     4 ||    67
